AoeStats
← 啤酒肚肥猪

Glade

510530551Analyzed
1v1 RM · 10h ago on Oct 1, 2026· 23m 35s· 2 players
Game mode
Random Map
Map size
Tiny (2 player)
Population
200
Speed
Normal
Resources
Standard
Victory
Conquest
Starting age
Dark Age
Ending age
Imperial Age
RankedLock teamsTeams togetherTeam positionsShared explorationLock speedFull tech treeHidden civsTurbo modeCheats
Victory
Defeat
🇭🇰 Cumans · Hong Kong SAR China
1534
+19
🇩🇪 Chinese · Germany
1593
-19
Steuerberater
0:34 Loom
11:47 Feudal Age
12:15 Double-Bit Axe
14:04 Wheelbarrow
14:15 Wheelbarrow
15:53 Wheelbarrow
15:36 Fletching
啤酒肚肥猪
7:57 Loom
10:06 Feudal Age
11:03 Double-Bit Axe
11:40 Horse Collar
16:13 Fletching
18:41 Wheelbarrow
23:03 Castle Age
Connection lost

Rejoining the realm…

Still unreachable

The connection could not be restored.

Session expired

The server has moved on; the page needs a fresh start.